 Dungeon Crawl Stone Soup version 0.17-a0-1504-gb7d9117 (webtiles) character file.

1416832 abixa the Wrestler (level 27, -2/308 (318) HPs)
             Began as a Troll Monk on July 5, 2015.
             Was the Champion of Makhleb.
             Slain by a Killer Klown (16 damage)
             ... on level 14 of a ziggurat on July 7, 2015.
             The game lasted 12:29:05 (127279 turns).

abixa the Wrestler (Troll Monk)                   Turns: 127279, Time: 12:29:06

HP:   -2/308 (318)  AC: 45    Str: 25    XL:     27
MP:   30/36         EV: 23    Int: 13    God:    Makhleb [******]
Gold: 15062         SH: 23    Dex: 19    Spells: 8 memorised, 0 levels left

rFire  + . .     SeeInvis .       - Unarmed
rCold  + + .     Clarity  .     c - +12 gold dragon armour
rNeg   . . .     SustAt   .     q - +0 large shield of Protective Custody {rElec rC+ Stlth+}
rPois  +         Gourm    +     Z - +1 hat "Karysata" {+Blink +Inv rC-} (curse)
rElec  +         Spirit   .     Y - +2 cloak of Starlight {rElec rC+ EV+4 Stlth--}
rCorr  .         Warding  .     (gloves unavailable)
rMut   +         Stasis   .     (boots unavailable)
MR     +++..                    G - amulet of resist mutation
Stlth  ..........               F - ring "Recimn" {MR+ Int+4 Slay+4}
                                x - ring "Pezot" {rPois EV+2 Int+5 Slay+2 Stlth+}

@: portal projectile, very slightly contaminated, hasted, very quick, extremely
resistant to hostile enchantments, extremely unstealthy
A: unfitting armour, claws 3, clumsy 1, dopey 1, fast metabolism 3, gourmand,
regeneration 2, screaming 1, shaggy fur 1, tough skin 2, weak 1
a: Minor Destruction, Lesser Servant of Makhleb, Major Destruction, Greater
Servant of Makhleb, Renounce Religion, Evoke Blink, Evoke Invisibility
}: 15/15 runes: serpentine, barnacled, slimy, silver, golden, iron, obsidian,
icy, bone, abyssal, demonic, glowing, magical, fiery, dark


You were on level 14 of a ziggurat.
You worshipped Makhleb.
Makhleb was exalted by your worship.
You were very full.

You visited 18 branches of the dungeon, and saw 93 of its levels.
You visited Pandemonium 4 times, and saw 22 of its levels.
You visited the Abyss 3 times.
You visited 2 ziggurats, and saw 26 of their levels (deepest: 14).
You also visited: Trove and Sewer.

You collected 18295 gold pieces.
You spent 3233 gold pieces at shops.

Inventory:

Hand weapons
 U - a +9 giant spiked club of venom
Missiles
 b - 236 large rocks (quivered)
 d - 12 throwing nets
 y - 14 javelins of penetration
Armour
 c - a +12 gold dragon armour (worn)
 h - the +0 cloak "Qichem" {rN+}
   (Okawaru gifted it to you on level 1 of the Depths)

   It protects you from negative energy.
 p - the +4 large shield of Vetaqong {rF+}
   (You took it off Mennas on level 3 of the Vaults)

   It protects you from fire.
 q - the +0 large shield of Protective Custody (worn) {rElec rC+ Stlth+}
   (You took it off a daeva in Pandemonium)

   It protects you from cold.
   It insulates you from electricity.
   It makes you more stealthy.
 L - the +7 fire dragon armour of Royalty {rF++ rC- Slay+2}
   (You acquired it in Pandemonium)

   It affects your accuracy and damage with ranged weapons and melee attacks
   (+2).
   It greatly protects you from fire.
   It makes you vulnerable to cold.
 Y - the +2 cloak of Starlight (worn) {rElec rC+ EV+4 Stlth--}
   (You found it on level 7 of Tartarus)

   It affects your evasion (+4).
   It protects you from cold.
   It insulates you from electricity.
   It makes you much less stealthy.
 Z - the cursed +1 hat "Karysata" (worn) {+Blink +Inv rC-}
   (Okawaru gifted it to you on level 13 of the Dungeon)

   It makes you vulnerable to cold.
   It lets you turn invisible.
   It lets you blink.
   It has a curse placed upon it.
Rods
 a - a +4 lightning rod (9/9)
   (You took it off a yaktaur captain on level 5 of the Vaults)
 k - a +2 lightning rod (9/9)
   (You took it off a deep elf sorcerer on level 3 of the Elven Halls)
Jewellery
 l - the ring "Avash" {rF+ Int+3 SInv}
   (You found it on level 10 of a ziggurat)

   [ring of see invisible]

   It affects your intelligence (+3).
   It protects you from fire.
   It lets you see invisible.
 o - the ring of Segoha Aczi {rN+ MP+9 EV+2 Dex+2}
   (You found it on level 1 of the Lair of Beasts)

   [ring of evasion]

   It affects your evasion (+2).
   It affects your dexterity (+2).
   It protects you from negative energy.
   It affects your magic capacity (+9).
 s - the ring "Ecaodenu" {rC+ EV+4 Stlth+}
   (You found it on level 6 of the Lair of Beasts)

   [ring of evasion]

   It affects your evasion (+4).
   It protects you from cold.
   It makes you more stealthy.
 w - the ring "Pyxegack" {rF+ Dex+7}
   (You found it on level 2 of a ziggurat)

   [ring of protection from fire]

   It affects your dexterity (+7).
   It protects you from fire.
 x - the ring "Pezot" (left claw) {rPois EV+2 Int+5 Slay+2 Stlth+}
   (You took it off a deep elf blademaster on level 3 of the Elven Halls)

   [ring of evasion]

   It affects your evasion (+2).
   It affects your intelligence (+5).
   It affects your accuracy and damage with ranged weapons and melee attacks
   (+2).
   It protects you from poison.
   It makes you more stealthy.
 F - the ring "Recimn" (right claw) {MR+ Int+4 Slay+4}
   (You bought it in a shop on level 2 of the Elven Halls)

   [ring of slaying]

   It affects your intelligence (+4).
   It affects your accuracy and damage with ranged weapons and melee attacks
   (+4).
   It affects your resistance to hostile enchantments.
 G - an amulet of resist mutation (around neck)
 K - the amulet of Secrets {rCorr MP+9}
   (You found it in Pandemonium)

   [amulet of resist corrosion]

   It protects you from acid and corrosion.
   It affects your magic capacity (+9).
 N - the ring "Xaytit" {+Fly rPois rN+}
   (You took it off an angel in Pandemonium)

   [ring of flight]

   It protects you from poison.
   It protects you from negative energy.
   It lets you fly.
 Q - the amulet "Guask" {Stasis rPois rN+ Dex+2}
   (You found it on level 6 of the Pits of Slime)

   [amulet of stasis]

   It prevents you from being teleported, slowed, hasted or paralysed.
   It affects your dexterity (+2).
   It protects you from poison.
   It protects you from negative energy.
 V - the ring "Hik Padd" {+/*Tele rPois rC- rN+ Dex+8}
   (You found it in Pandemonium)

   [ring of teleportation]

   It may teleport you to nearby monsters, and can be evoked to randomly
   teleport.
   It affects your dexterity (+8).
   It makes you vulnerable to cold.
   It protects you from poison.
   It protects you from negative energy.
Magical devices
 f - a wand of hasting (6)
 D - a wand of digging (11)
 T - a wand of heal wounds (3)
 W - a wand of teleportation (5)
Scrolls
 e - 14 scrolls of blinking
 g - 2 scrolls of magic mapping
 i - 9 scrolls of holy word
 j - 23 scrolls of teleportation
 m - 8 scrolls of recharging
 n - 45 scrolls of remove curse
 r - 14 scrolls of immolation
 J - 25 scrolls of fog
 P - 31 scrolls of identify
 X - 6 scrolls of silence
Potions
 t - 9 potions of agility
 u - 6 potions of cancellation
 v - 10 potions of cure mutation
 A - 28 potions of curing
 B - 11 potions of resistance
 E - a potion of haste
 O - 7 potions of might
 S - 5 potions of berserk rage
Miscellaneous
 C - a fan of gales
 H - the horn of Geryon
 I - a lamp of fire
 R - a phial of floods (inert)
Comestibles
 z - 49 bread rations
 M - 6 royal jellies


   Skills:
 - Level 26.0 Fighting
 + Level 22.3 Throwing
 - Level 25.0 Armour
 - Level 22.0 Dodging
 - Level 1.1 Stealth
 - Level 18.0 Shields
 - Level 26.0 Unarmed Combat
 - Level 13.0 Translocations
 - Level 7.0 Invocations
 - Level 20.0 Evocations


You couldn't memorise any spells.
You knew the following spells:

 Your Spells              Type           Power        Failure   Level  Hunger
a - Summon Butterflies    Summ           #.......     100%        1    ##.....
b - Regeneration          Chrm/Necr      #.........   100%        3    ####...
c - Song of Slaying       Chrm           #.......     100%        2    ###....
d - Shroud of Golubria    Chrm/Tloc      ###.......   28%         2    ###....
e - Passage of Golubria   Tloc           N/A          14%         4    #####..
f - Phase Shift           Tloc           ####......   34%         5    ######.
g - Haste                 Chrm           #.......     100%        6    #######
h - Portal Projectile     Tloc           ####..       4%          3    ####...


Dungeon Overview and Level Annotations

Branches:
Dungeon (15/15)            Temple (1/1) D:4            Lair (8/8) D:8
 Shoals (4/4) Lair:4        Snake (4/4) Lair:5        Slime (6/6) Lair:7
    Orc (4/4) D:9             Elf (3/3) Orc:4        Vaults (5/5) D:13
  Crypt (3/3) Vaults:2       Tomb (3/3) Crypt:3      Depths (5/5) D:15
   Hell (1/1)                 Dis (7/7) Hell            Geh (7/7) Hell
    Coc (7/7) Hell            Tar (7/7) Hell            Zot (5/5) Depths:5

Altars:
Ashenzari
Cheibriados
Dithmenos
Elyvilon
Fedhas
Gozag
Kikubaaqudgha
Makhleb
Nemelex Xobeh
Okawaru
Qazlal
Ru
Sif Muna
Trog
Vehumet
Xom
Yredelemnul
Zin
The Shining One
Beogh

Shops:
Orc:4 ![(?:   Elf:1 %   Elf:2 =   Shoals:1 *   Shoals:4 %   Vaults:1 %
Vaults:3 ?   Depths:4 %![*

Portals:
Hell: Depths:1 Depths:2 Depths:3 Depths:4 Depths:5
Abyss: Depths:4 Depths:5
Pandemonium: Depths:3

Annotations:
Elf:1 rod
Crypt:3 food


Innate Abilities, Weirdness & Mutations

You are too large for most types of armour.
You have claws for hands.
Your metabolism is lightning-fast.
You like to eat raw meat.
You heal very quickly.
You are covered in fur (AC +1).
You have very tough skin (AC +2).
You are clumsy. (Dex -2)
You are dopey. (Int -2)
You occasionally shout uncontrollably at your foes.
You are weak. (Str -2)


Message History

The putrid chaos champion convulses!
The iron troll convulses!
The Killer Klown convulses!
The azure jelly convulses!
The azure jelly convulses!
Your body is wracked with pain!
* * * LOW HITPOINT WARNING * * *
The cyan ugly thing convulses!
The eye of devastation gazes at you. The bolt of energy hits you!
* * * LOW HITPOINT WARNING * * *
Read which item? (? for menu, Esc to quit)
Blink to where?
Press: ? - help, Dir - move target cursor
As you read the scroll of blinking, it crumbles to dust.
An anaconda, 3 ugly things, a Killer Klown and an apocalypse crab come into view.
You shout at the green ugly thing!
The green very ugly thing gurgles horribly!
The Killer Klown shouts!
The purple very ugly thing gurgles horribly!
The green ugly thing gurgles horribly!
The Killer Klown trip-wires you!
You die...

...........▓▓▓▓▓▓▓
................§≈≈E.....
...t....##.....##t2G.....
.....u..##.....##E≈uu....
).}...u(.......≈E≈≈&&....
∩?|?..........6÷≈≈≈D(..up
>$?=...............pJ1Z1u
∩.)u..p..........Tt...(..
:||.S..@......§....J&..u.
........##.....##...u....
........##.....##........
.........................
▓▓▓▓▓▓▓...........▓▓▓▓▓▓▓
▓.......... ▓..........
▓...........


You could see a Killer Klown, 2 very ugly things, a putrid chaos champion, a
green ugly thing, an anaconda and an apocalypse crab.

Vanquished Creatures
  Cerebov (Pan)
  Antaeus (Coc:7)
  Asmodeus (Geh:7)
  the royal jelly (Slime:6)
  Ereshkigal (Tar:7)
  Gloorx Vloq (Pan)
  the Serpent of Hell (Coc:7)
  A seraph (Pan)
  Mnoleg (Pan)
  Lom Lobon (Pan)
  8 ancient liches
  Dispater (Dis:7)
  6 orbs of fire (Zot:5)
  12 pandemonium lords
  Mara (Snake:4)
  Mennas (Vaults:3)
  29 greater mummies
  Sojobo (Depths:2)
  Frederick (Vaults:3)
  10 shard shrikes
  Saint Roka (Crypt:3)
  4 Killer Klowns (Zot:5)
  Geryon (Hell)
  9 golden dragons
  Nikola (Snake:4)
  3 profane servitors
  Jory (Crypt:1)
  2 pearl dragons (Pan)
  35 Brimstone Fiends
  10 bone dragons
  4 electric golems
  A hellephant (Pan)
  Jorgrun (Shoals:4)
  14 liches
  Rupert (Lair:3)
  15 Ice Fiends
  15 tentacled monstrosities
  18 titans
  69 large abominations
  Asterion (Snake:3)
  3 quicksilver dragons (Dis:7)
  14 Hell Sentinels
  25 Orb Guardians (Zot:5)
  17 acid blobs
  12 deep elf blademasters
  3 tentacled starspawn
  10 deep elf master archers
  22 Shadow Fiends
  20 ancient champions
  7 octopode crushers
  12 sphinxes
  An acid blob (shapeshifter) (Vaults:5)
  Polyphemus (Shoals:3)
  2 krakens (Shoals:4)
  3 eldritch tentacles
  29 Executioners
  A thorn hunter (Zig:4)
  7 tengu reavers
  10 storm dragons
  10 greater nagas
  11 shadow dragons
  14 draconian monks
  7 blood saints
  18 daevas (Pan)
  6 revenants
  Ilsuiw (Shoals:4)
  Wiglaf (Depths:2)
  13 azure jellies
  22 vault wardens
  Donald (Vaults:3)
  6 iron dragons
  12 chaos champions
  3 draconian knights
  12 deep elf sorcerers
  4 ghost moths
  18 fire giants
  4 draconian zealots
  Aizul (Snake:3)
  19 frost giants
  22 cacodemons
  A draconian scorcher (Zot:3)
  7 draconian shifters
  38 balrugs
  5 curse skulls
  29 angels (Pan)
  3 orc warlords
  3 spriggan defenders
  49 reapers
  21 ironheart preservers
  5 warmongers (Pan)
  31 ghouls
  13 draconian annihilators
  14 ophanim (Pan)
  31 very ugly things
  44 stone giants
  4 elemental wellsprings
  16 war gargoyles
  8 deep elf demonologists
  7 draconian callers
  20 lorocyprocas
  13 green draconians
  23 black draconians
  15 vampire knights
  37 apis (Pan)
  8 corrupters (Pan)
  7 salamander firebrands
  A salamander stormcaller (Vaults:5)
  10 mottled draconians
  8 bennus
  5 dire elephants (Lair:8)
  17 deep elf annihilators
  5 purple draconians
  14 red draconians
  11 black suns
  8 yellow draconians
  19 white draconians
  19 blizzard demons
  14 eidola
  6 death oozes
  Snorg (D:14)
  9 merfolk javelineers
  10 deep elf death magi
  17 ettins
  15 small abominations
  29 mummy priests
  10 merfolk impalers
  19 green deaths
  4 quicksilver dragon zombies
  30 vault guards
  24 yaktaur captains
  Josephine (Orc:2)
  11 fire dragons
  7 jiangshi
  5 death cobs
  9 entropy weavers
  8 deep elf high priests
  Harold (Orc:1)
  15 hell beasts (Pan)
  38 ice dragons
  8 quicksilver dragon skeletons
  14 great orbs of eyes
  8 hydras
  19 monstrous demonspawn (Pan)
  6 rakshasas
  2 catoblepae
  12 naga warriors
  4 spriggan air magi
  An alligator (Zig:6)
  8 satyrs
  A ghost crab (Tar:7)
  6 merfolk aquamancers
  21 ogre magi
  An alligator snapping turtle (Shoals:3)
  10 anacondas
  11 deep troll shamans
  8 death yaks
  13 centaur warriors
  6 death knights
  8 vampire magi
  24 dancing weapons
  12 deep troll earth magi
  A satyr (shapeshifter) (Vaults:5)
  3 thrashing horrors
  5 tengu warriors
  13 hell hogs
  2 orc high priests
  4 shock serpents
  12 naga sharpshooters
  8 titan zombies
  Sonja (Orc:2)
  26 deep elf knights
  9 spriggan berserkers
  An iron golem (Hell)
  Nergalle (Orc:1)
  3 salamander mystics
  6 storm dragon zombies
  35 death scarabs
  40 sun demons
  2 fire crabs
  3 wretched stars
  5 titan skeletons
  23 hell knights
  125 skeletal warriors
  35 soul eaters
  The ghost of Rayvis the Cleaver, an experienced MiFi of Okawaru (D:8)
  6 giant orange brains
  16 sea snakes
  21 infernal demonspawn (Pan)
  A death drake (Depths:5)
  46 deep trolls
  17 ironbrand convokers
  6 iron trolls
  3 storm dragon skeletons
  6 spriggan druids
  8 shadow wraiths
  2 ghost moth zombies
  7 golden dragon zombies
  6 unseen horrors
  14 gelid demonspawn (Pan)
  11 flayed ghosts
  34 starcursed masses
  2 death drakes (shapeshifter)
  8 anaconda zombies
  22 shadow demons
  3 ice statues
  A golden dragon skeleton (Tar:7)
  An obsidian statue (Zig:4)
  15 cherubim (Pan)
  33 ice devils
  14 deep elf summoners
  10 naga ritualists
  12 hill giants
  4 lindwurms (Depths:5)
  17 torturous demonspawn
  8 wolf spiders
  30 phantasmal warriors
  6 shadow dragon zombies
  12 necromancers
  22 putrid demonspawn (Pan)
  3 tengu zombies
  21 anubis guards
  7 anaconda skeletons
  12 griffons
  54 ugly things
  51 harpies
  11 wizards
  3 hornets
  15 deep elf conjurers
  7 orc knights
  5 shadow dragon skeletons
  5 wolf spider zombies
  3 oklob plants (Lair:7)
  2 draconian zombies
  67 slime creatures
  10 frost giant zombies
  A mana viper (shapeshifter) (D:14)
  7 stone giant zombies
  7 iron dragon zombies
  8 water nymphs
  4 manticores
  10 shining eyes
  2 orb spiders (Zig:5)
  8 mana vipers
  2 worldbinders
  2 octopodes (shapeshifter)
  21 fauns
  9 fire giant zombies
  8 elephants
  5 orc sorcerers
  40 rust devils
  24 salamanders
  9 fire giant skeletons
  7 iron dragon skeletons
  52 sixfirhies
  2 elf zombies
  4 frost giant skeletons
  20 moths of wrath
  13 cyclopes
  4 guardian serpents
  4 stone giant skeletons
  2 drowned souls (Abyss:3)
  2 apocalypse crabs (Abyss:1)
  22 vault sentinels
  47 black mambas
  4 dire elephant zombies
  2 shock serpent zombies
  5 gargoyles
  10 spiny frogs
  10 molten gargoyles
  2 eyes of devastation
  26 naga magi
  10 efreet
  5 kobold demonologists
  A dire elephant skeleton (Tar:3)
  3 spriggan skeletons
  A storm dragon simulacrum (Coc:7)
  A death yak zombie (Crypt:2)
  2 white draconian zombies (Zig:11)
  31 hellions
  An emperor scorpion zombie (Geh:7)
  48 orange demons (Pan)
  A komodo dragon (shapeshifter) (Vaults:4)
  46 smoke demons
  15 demonic crawlers (Pan)
  29 hellwings (Pan)
  2 anaconda simulacra
  26 deep elf priests
  2 fire drakes
  24 tormentors
  6 komodo dragons
  17 hydra zombies
  A white draconian skeleton (Crypt:2)
  An ancient zyme (Zig:2)
  4 silent spectres
  50 guardian mummies
  7 harpy zombies
  5 jumping spiders
  41 red devils
  68 yaktaurs
  3 tengu conjurers
  31 blue devils
  3 queen bees (shapeshifter)
  45 merfolk
  38 freezing wraiths
  14 trolls
  3 jumping spiders (shapeshifter)
  2 polar bears
  A wandering mushroom (Lair:8)
  A snapping turtle (shapeshifter) (Vaults:5)
  A wind drake (shapeshifter) (Vaults:4)
  12 blink frogs
  3 blink frogs (shapeshifter)
  A stone giant simulacrum (Coc:7)
  6 harpy skeletons
  6 wind drakes
  A spriggan zombie (Zig:9)
  4 hydra skeletons
  5 raiju
  5 ettin zombies
  34 two-headed ogres
  23 ushabtiu
  8 bog bodies
  4 fire dragon zombies
  13 alligator zombies
  A fire giant simulacrum (Tomb:2)
  A frost giant simulacrum (Vaults:4)
  A human simulacrum (Vaults:3)
  9 snapping turtles
  4 ice dragon zombies
  10 boulder beetles
  2 griffon zombies (Shoals:2)
  41 ynoxinuls
  7 air elementals
  22 spriggans
  A redback (shapeshifter) (Depths:5)
  4 black mamba zombies
  46 shadows
  21 redbacks
  7 ice dragon skeletons
  29 deep elf magi
  113 flying skulls
  A trapdoor spider (Zig:5)
  A tarantella (shapeshifter) (Depths:3)
  4 alligator skeletons
  7 tarantellas
  6 basilisks
  3 fire dragon skeletons
  48 yaks
  A hog (shapeshifter) (D:14)
  8 vampires
  16 water elementals
  3 golden eyes (shapeshifter)
  4 ettin skeletons
  6 wyverns
  A hippogriff (shapeshifter) (D:15)
  35 wraiths
  31 neqoxecs
  A black mamba skeleton (Tar:7)
  8 fire elementals
  30 deep elf fighters
  2 basilisks (shapeshifter)
  A wolf (shapeshifter) (Vaults:5)
  8 chaos spawn
  18 vampire mosquitoes
  14 water moccasins
  2 golden eyes (Slime:5)
  8 wargs
  Menkaure (D:6)
  50 nagas
  An insubstantial wisp (Zig:6)
  A deep troll zombie (Crypt:2)
  16 hippogriffs
  21 wolves
  2 mottled dragons
  A putrid demonspawn zombie (Crypt:2)
  A soldier ant (shapeshifter) (Vaults:5)
  10 porcupines
  6 spiny frog zombies
  7 hungry ghosts
  28 orc warriors
  A water moccasin (shapeshifter) (Vaults:3)
  41 hell hounds
  A swamp drake (shapeshifter) (Depths:4)
  9 spiny frog skeletons
  A black bear (shapeshifter) (Vaults:3)
  31 necrophages
  5 swamp drakes (Depths:5)
  2 black bears
  A monstrous demonspawn skeleton (Crypt:1)
  4 sky beasts
  3 snapping turtle zombies
  2 hydra simulacra
  4 phantoms
  2 spiders (Crypt:3)
  3 manticore zombies
  3 human zombies
  3 ice beasts
  8 wasps
  77 ogres
  An eye of draining (shapeshifter) (Vaults:2)
  A black mamba simulacrum (Tomb:1)
  A centaur (shapeshifter) (D:13)
  20 boggarts
  3 snapping turtle skeletons
  An anubis guard skeleton (Crypt:1)
  42 centaurs
  4 eyes of draining
  3 manticore skeletons
  A fire crab zombie (Vaults:1)
  2 swamp dragon skeletons
  A crocodile (shapeshifter) (Vaults:3)
  An alligator simulacrum (Coc:1)
  A blink frog skeleton (Crypt:2)
  12 crocodiles
  A vine stalker zombie (Crypt:1)
  5 brain worms
  3 gnoll sergeants
  4 big kobolds
  An ogre simulacrum (Vaults:1)
  A spiny frog simulacrum (Hell)
  19 giant frogs
  8 wyvern skeletons
  A wyvern zombie (D:14)
  4 scorpions
  A hippogriff zombie (Shoals:2)
  A troll zombie (Dis:7)
  56 wights
  5 killer bees (D:12)
  2 boulder beetle zombies
  A yak zombie (Crypt:1)
  3 electric eels (D:9)
  18 hounds
  5 lava snakes (Lair:7)
  A troll skeleton (Geh:7)
  19 crimson imps
  2 giant frog zombies
  3 centaur zombies
  5 giant frog skeletons
  6 iguanas
  31 jellies
  10 centaur skeletons
  29 orc priests
  4 quasits
  8 hell rats
  24 human skeletons
  25 iron imps
  13 sirens
  A lightning spire (Zig:10)
  5 merfolk avatars
  2 worker ants
  23 orc wizards
  An ogre zombie (Tar:7)
  42 sheep
  A naga zombie (Tar:7)
  A tengu skeleton (Geh:7)
  2 spectral hounds (Depths:4)
  A hound skeleton (D:11)
  63 mummies
  16 adders
  8 gnolls (D:8)
  64 river rats
  14 white imps
  14 shadow imps
  4 ufetubi
  A worm zombie (Crypt:1)
  2 adder skeletons (D:6)
  5 worms
  10 giant geckos
  188 orcs
  10 ball pythons
  14 bats
  A bat skeleton (D:5)
  4 bat zombies
  7 giant cockroaches
  18 goblins
  20 hobgoblins
  11 jackals
  44 kobolds
  3 quokkas
  A giant gecko skeleton (D:5)
  9 giant newts
  A kobold zombie (Tar:7)
  An orc skeleton (Crypt:2)
  A quokka skeleton (D:5)
  A quokka zombie (D:3)
  32 rats
  3 crawling corpses (Vaults:5)
  An eldritch tentacle segment (Pan)
  A fire vortex (Geh:7)
  A fungus (Elf:3)
  6 plants
  5 starspawn tentacles
  A starspawn tentacle segment (Zig:6)
  8 tentacles (Shoals:4)
5946 creatures vanquished.

Vanquished Creatures (collateral kills)
  A soul eater (Tar:7)
  A tormentor (Pan)
2 creatures vanquished.

Vanquished Creatures (others)
  A deep elf master archer (Crypt:3)
  3 eldritch tentacles
  2 fire giants
  A frost giant (Depths:5)
  A draconian annihilator (Pan)
  A deep elf demonologist (Vaults:5)
  A blood saint (Zig:12)
  A mottled draconian (Zot:1)
  A deep elf high priest (Elf:3)
  A spriggan air mage (Pan)
  An ogre mage (Vaults:1)
  A deep troll shaman (Vaults:3)
  5 deep elf knights
  A ghost moth zombie (Dis:7)
  14 ball lightnings (Pan)
  8 death scarabs (Tomb:2)
  A gelid demonspawn (Pan)
  A deep elf conjurer (Crypt:3)
  A phantasmal warrior (Vaults:5)
  An ironbrand convoker (Zig:8)
  A wizard (Pan)
  A shadow dragon skeleton (Coc:2)
  An orb spider (Zig:5)
  A smoke demon (Pan)
  A flying skull (Tar:7)
  A fire dragon skeleton (Tomb:2)
  2 deep elf fighters
  A naga (Snake:4)
  A vampire mosquito (Vaults:2)
  2 ogres (Vaults:5)
  A swamp drake (Depths:5)
  A centaur (Depths:1)
  An iron imp (Dis:7)
  An orc wizard (D:10)
  7 mummies (Tomb:2)
  An orc (D:10)
  2 briar patches (Zig:4)
  3 bushes
  A crawling corpse (Vaults:5)
  164 eldritch tentacle segments
  A fire vortex (Pan)
  21 fungi
  9 lost souls (Crypt:3)
  162 plants
  5 starspawn tentacles (Zig:6)
  61 starspawn tentacle segments (Zig:6)
  15 tentacles (Shoals:4)
  462 tentacle segments (Shoals:4)
977 creatures vanquished.

Grand Total: 6925 creatures vanquished

Notes
Turn   | Place    | Note
--------------------------------------------------------------
     0 | D:1      | abixa the Troll Monk began the quest for the Orb.
     0 | D:1      | Reached XP level 1. HP: 22/22 MP: 0/0
    99 | D:1      | Reached XP level 2. HP: 25/29 MP: 1/1
   490 | D:1      | Reached skill level 5 in Unarmed Combat
   493 | D:1      | Reached XP level 3. HP: 36/36 MP: 2/2
  1223 | D:2      | Reached XP level 4. HP: 39/44 MP: 3/3
  1623 | D:3      | Reached skill level 6 in Unarmed Combat
  1650 | D:3      | Reached XP level 5. HP: 15/50 MP: 4/4
  2059 | D:4      | Found a staircase to the Ecumenical Temple.
  2074 | Temple   | Entered the Ecumenical Temple
  2084 | Temple   | Became a worshipper of Warmaster Okawaru
  2084 | Temple   | Acquired Okawaru's first power
  2164 | D:4      | Reached XP level 6. HP: 61/61 MP: 5/5
  2216 | D:4      | Found a glowing drain.
  2228 | Sewer    | Entered a sewer
  2276 | Sewer    | Reached skill level 7 in Unarmed Combat
  2503 | Sewer    | Noticed a drowned soul
  2505 | Sewer    | Noticed a drowned soul
  2505 | Sewer    | Noticed a drowned soul
  2505 | Sewer    | Noticed a drowned soul
  2506 | Sewer    | Noticed a drowned soul
  2506 | Sewer    | Killed a drowned soul
  2506 | Sewer    | Killed a drowned soul
  2507 | Sewer    | Killed a drowned soul
  2507 | Sewer    | Killed a drowned soul
  2509 | Sewer    | Noticed a drowned soul
  2510 | Sewer    | Noticed a drowned soul
  2511 | Sewer    | Noticed a drowned soul
  2512 | Sewer    | Noticed a drowned soul
  2512 | Sewer    | Killed a drowned soul
  2514 | Sewer    | Killed a drowned soul
  2515 | Sewer    | Killed a drowned soul
  2516 | Sewer    | Noticed a drowned soul
  2891 | D:4      | Reached skill level 1 in Invocations
  2945 | D:3      | Reached XP level 7. HP: 17/68 MP: 6/6
  3120 | D:5      | Entered Level 5 of the Dungeon
  3132 | D:4      | Reached skill level 8 in Unarmed Combat
  3419 | D:5      | Found a blossoming altar of Fedhas.
  3509 | D:5      | Got a crystal rapier
  3710 | D:5      | Reached skill level 9 in Unarmed Combat
  3710 | D:5      | Reached XP level 8. HP: 48/79 MP: 7/7
  3762 | D:5      | Found a snail-covered altar of Cheibriados.
  4584 | D:6      | Found a shimmering altar of Xom.
  4586 | D:6      | Found a white marble altar of Elyvilon.
  4587 | D:6      | Found a deep blue altar of Sif Muna.
  4630 | D:6      | Reached skill level 5 in Fighting
  4693 | D:6      | Noticed Menkaure
  4701 | D:6      | Killed Menkaure
  4793 | D:6      | Reached skill level 10 in Unarmed Combat
  5650 | D:7      | Reached XP level 9. HP: 57/88 MP: 8/8
  5915 | D:7      | Reached skill level 11 in Unarmed Combat
  6195 | D:8      | Found a staircase to the Lair.
  6199 | D:8      | Noticed Rayvis's ghost (experienced MiFi)
  6350 | D:7      | Noticed a kobold demonologist
  6354 | D:7      | Noticed a sixfirhy
  6359 | D:7      | Killed a kobold demonologist
  6492 | D:8      | Acquired Okawaru's second power
  6517 | D:8      | Received a gift from Okawaru
  6582 | D:8      | Killed Rayvis's ghost
  6665 | D:8      | Received a gift from Okawaru
  6844 | D:8      | Reached XP level 10. HP: 100/100 MP: 9/9
  6847 | D:8      | Reached skill level 1 in Armour
  6981 | D:8      | Reached skill level 5 in Throwing
  7112 | D:8      | Found a shadowy altar of Dithmenos.
  7664 | D:9      | Found a bloodstained altar of Trog.
  7870 | D:9      | Found a staircase to the Orcish Mines.
  8604 | D:10     | Entered Level 10 of the Dungeon
  8952 | D:10     | Reached skill level 12 in Unarmed Combat
  9383 | D:10     | Noticed an unseen horror
  9394 | D:10     | Killed an unseen horror
  9394 | D:10     | Reached skill level 5 in Armour
  9394 | D:10     | Reached XP level 11. HP: 102/107 MP: 10/10
  9400 | D:10     | Noticed a hill giant
  9432 | D:10     | Killed a hill giant
  9917 | D:11     | Noticed a hill giant
  9926 | D:11     | Killed a hill giant
  9993 | D:11     | Noticed a hill giant
  9998 | D:11     | Killed a hill giant
 10226 | D:11     | Noticed a hill giant
 10233 | D:11     | Killed a hill giant
 10233 | D:11     | Received a gift from Okawaru
 10430 | D:11     | Received a gift from Okawaru
 11074 | D:12     | Reached skill level 13 in Unarmed Combat
 11284 | D:12     | Noticed an unseen horror
 11297 | D:12     | Killed an unseen horror
 11297 | D:12     | Received a gift from Okawaru
 11333 | D:12     | Noticed a seven-headed hydra
 11487 | D:13     | Found an opulent altar of Gozag.
 11595 | D:13     | Received a gift from Okawaru
 11596 | D:13     | Got a smoking hat {god gift}
 11609 | D:13     | Reached XP level 12. HP: 120/120 MP: 8/11
 11751 | D:13     | Noticed an eight-headed hydra
 11762 | D:13     | Killed an eight-headed hydra
 11946 | D:13     | Noticed a centaur warrior
 12201 | D:12     | Killed a seven-headed hydra
 12491 | D:12     | Noticed an eight-headed hydra
 12504 | D:12     | Killed an eight-headed hydra
 12912 | Lair:1   | Entered Level 1 of the Lair of Beasts
 12953 | Lair:1   | Noticed an eight-headed hydra
 12958 | Lair:1   | Killed an eight-headed hydra
 13003 | Lair:1   | Identified the +1 hat "Karysata" {+Blink +Inv rC-} (Okawaru gifted it to you on level 13 of the Dungeon)
 13402 | Lair:1   | Got a translucent platinum ring
 13894 | Lair:2   | Identified the ring of Segoha Aczi {rN+ MP+9 EV+2 Dex+2} (You found it on level 1 of the Lair of Beasts)
 13951 | Lair:2   | Got a sparkling lapis lazuli ring
 14066 | Lair:2   | Identified the ring of Cuarey {rPois Dex+5 Slay+3} (You found it on level 2 of the Lair of Beasts)
 14293 | Lair:2   | Reached skill level 10 in Throwing
 14467 | Lair:2   | Received a gift from Okawaru
 14709 | Lair:3   | Found a sacrificial altar of Ru.
 14774 | Lair:3   | Found a hole to the Spider Nest.
 14831 | Lair:3   | Noticed Rupert
 15048 | Orc:1    | Entered Level 1 of the Orcish Mines
 15048 | Orc:1    | Noticed Nergalle
 15060 | Orc:1    | Killed Nergalle
 15060 | Orc:1    | Received a gift from Okawaru
 15074 | Orc:1    | Reached XP level 13. HP: 121/131 MP: 12/12
 15345 | Orc:2    | Noticed Harold
 15360 | Orc:1    | Killed Harold
 15586 | Orc:2    | Noticed Sonja
 15621 | Orc:2    | Noticed Josephine
 15810 | Orc:2    | Killed Sonja
 15810 | Orc:2    | Reached skill level 14 in Unarmed Combat
 15877 | Orc:2    | Killed Josephine
 15885 | Orc:2    | Reached skill level 1 in Evocations
 16946 | Orc:4    | Entered Level 4 of the Orcish Mines
 17127 | Orc:4    | Found a roughly hewn altar of Beogh.
 17279 | Orc:4    | Found Hoghusol's Magic Scroll Shoppe.
 17394 | Orc:4    | Found Piokka's Book Boutique.
 17521 | Orc:3    | Reached skill level 10 in Fighting
 17911 | Orc:4    | Received a gift from Okawaru
 17955 | Orc:4    | Reached skill level 5 in Evocations
 17998 | Orc:4    | Found a staircase to the Elven Halls.
 18048 | Orc:4    | Found Ubuhea's Antique Armour Shop.
 18049 | Orc:4    | Found Ihimina's Distillery.
 18049 | Orc:4    | Found Puituozouv's Antique Weapon Boutique.
 18081 | Orc:4    | Bought a scroll of enchant weapon for 105 gold pieces
 18081 | Orc:4    | Bought a scroll of identify for 28 gold pieces
 18081 | Orc:4    | Bought a scroll of identify for 28 gold pieces
 18081 | Orc:4    | Bought a scroll of identify for 28 gold pieces
 18081 | Orc:4    | Bought a scroll of identify for 28 gold pieces
 18101 | Orc:4    | Bought a potion of heal wounds for 80 gold pieces
 18101 | Orc:4    | Bought a potion of haste for 160 gold pieces
 18101 | Orc:4    | Bought a potion of berserk rage for 80 gold pieces
 18101 | Orc:4    | Bought a potion of might for 64 gold pieces
 18410 | Lair:1   | Received a gift from Okawaru
 19293 | Lair:4   | Reached XP level 14. HP: 123/143 MP: 17/17
 19315 | Lair:4   | Found a staircase to the Shoals.
 19591 | Lair:4   | Reached skill level 5 in Invocations
 20101 | Lair:3   | Paralysed by Rupert for 5 turns
 20117 | Lair:3   | Killed Rupert
 20320 | Lair:5   | Received a gift from Okawaru
 20419 | Lair:5   | Found a staircase to the Snake Pit.
 21670 | Lair:6   | Got a fine marble ring
 22191 | Lair:7   | Identified the ring "Ecaodenu" {rC+ EV+4 Stlth+} (You found it on level 6 of the Lair of Beasts)
 23730 | Lair:7   | Found a staircase to the Slime Pits.
 24146 | Lair:8   | Entered Level 8 of the Lair of Beasts
 24752 | Lair:8   | Received a gift from Okawaru
 24994 | Lair:8   | Reached skill level 15 in Unarmed Combat
 25120 | Lair:8   | Received a gift from Okawaru
 25410 | Lair:8   | Received a gift from Okawaru
 25643 | Lair:8   | Reached XP level 15. HP: 102/149 MP: 13/19
 25692 | Lair:8   | Reached skill level 10 in Armour
 26462 | D:13     | Killed a centaur warrior
 26643 | D:13     | Found a gate to the Vaults.
 26856 | D:14     | Reached skill level 16 in Unarmed Combat
 26859 | D:14     | Found a shadowy altar of Dithmenos.
 27013 | D:14     | Noticed Snorg
 27025 | D:14     | Killed Snorg
 27599 | D:14     | Received a gift from Okawaru
 27920 | D:14     | Found a deep blue altar of Sif Muna.
 28008 | D:15     | Entered Level 15 of the Dungeon
 28120 | D:15     | Received a gift from Okawaru
 29096 | D:15     | Found a staircase to the Depths.
 29733 | Snake:1  | Entered Level 1 of the Snake Pit
 30190 | Snake:1  | Reached skill level 17 in Unarmed Combat
 30248 | Snake:1  | Received a gift from Okawaru
 30709 | Snake:1  | Reached XP level 16. HP: 155/162 MP: 18/20
 31228 | Snake:2  | Noticed Aizul
 31367 | Shoals:1 | Entered Level 1 of the Shoals
 31392 | Lair:4   | Reached skill level 1 in Shields
 31675 | Shoals:1 | Reached skill level 5 in Dodging
 31925 | Shoals:1 | Received a gift from Okawaru
 32204 | Shoals:1 | Found Xesahuir's Assorted Antiques.
 32216 | Shoals:1 | Bought a coral ring for 190 gold pieces
 32216 | Shoals:1 | Bought a scroll of fog for 76 gold pieces
 32588 | Shoals:2 | Reached skill level 5 in Shields
 33429 | Shoals:3 | Noticed Polyphemus
 33859 | Shoals:3 | Killed Polyphemus
 33859 | Shoals:3 | Received a gift from Okawaru
 34001 | Shoals:3 | Reached XP level 17. HP: 169/172 MP: 21/21
 34043 | Shoals:3 | Received a gift from Okawaru
 34657 | Shoals:4 | Entered Level 4 of the Shoals
 34753 | Shoals:4 | Found Nycaud's Food Emporium.
 35217 | Shoals:4 | Reached skill level 18 in Unarmed Combat
 35273 | Shoals:4 | Received a gift from Okawaru
 35548 | Shoals:4 | Got a barnacled rune of Zot
 35800 | Shoals:4 | Noticed Jorgrun
 35889 | Shoals:4 | Killed Jorgrun
 36378 | Shoals:4 | Noticed Ilsuiw
 36406 | Shoals:4 | Killed Ilsuiw
 36778 | Shoals:4 | Reached XP level 18. HP: 123/188 MP: 18/22
 37307 | Lair:2   | Upgraded the game from 0.17-a0-1485-g22cb0ee to 0.17-a0-1497-g03599f7
 37925 | Snake:2  | Received a gift from Okawaru
 39252 | Snake:3  | Killed Aizul
 39460 | Snake:3  | Noticed Asterion
 39491 | Snake:3  | Killed Asterion
 39815 | Snake:4  | Entered Level 4 of the Snake Pit
 39817 | Snake:4  | Noticed Mara
 39944 | Snake:4  | Noticed Nikola
 40021 | Snake:4  | Killed Nikola
 40021 | Snake:4  | Received a gift from Okawaru
 40094 | Snake:4  | Noticed abixa's illusion
 40107 | Snake:4  | Killed Mara
 40706 | Snake:4  | Reached XP level 19. HP: 159/197 MP: 18/23
 40738 | Snake:4  | Received a gift from Okawaru
 40893 | Snake:4  | Received a gift from Okawaru
 41099 | Snake:4  | Received a gift from Okawaru
 41422 | Snake:4  | Got a serpentine rune of Zot
 42108 | Vaults:1 | Entered Level 1 of the Vaults
 42627 | Vaults:1 | Reached skill level 15 in Fighting
 42807 | Vaults:1 | Received a gift from Okawaru
 43213 | Vaults:1 | Received a gift from Okawaru
 43344 | Vaults:1 | Found Meigang's Food Shoppe.
 43773 | Vaults:2 | Received a gift from Okawaru
 44320 | Vaults:2 | Received a gift from Okawaru
 44863 | Vaults:2 | Found a staircase to the Crypt.
 45060 | Vaults:2 | Received a gift from Okawaru
 45231 | Vaults:2 | Reached skill level 19 in Unarmed Combat
 45376 | Vaults:3 | Reached XP level 20. HP: 202/210 MP: 22/24
 45433 | Vaults:3 | Received a gift from Okawaru
 45512 | Vaults:3 | Received a gift from Okawaru
 45647 | Vaults:3 | Found Gontonat's Magic Scroll Boutique.
 45676 | Vaults:3 | Bought a scroll of silence for 142 gold pieces
 45693 | Vaults:3 | Reached skill level 10 in Shields
 46145 | Vaults:3 | Noticed Mennas
 46191 | Vaults:3 | Killed Mennas
 46197 | Vaults:3 | Got a fine large shield
 46209 | Vaults:3 | Identified the +4 large shield of Vetaqong {rF+} (You took it off Mennas on level 3 of the Vaults)
 46596 | Vaults:3 | Noticed Frederick
 46604 | Vaults:3 | Killed Frederick
 46702 | Vaults:3 | Noticed Donald
 46715 | Vaults:3 | Killed Donald
 46720 | Vaults:3 | Received a gift from Okawaru
 46903 | Vaults:3 | Received a gift from Okawaru
 47508 | Vaults:4 | Received a gift from Okawaru
 48170 | Vaults:4 | Reached XP level 21. HP: 218/218 MP: 25/25
 48395 | Vaults:4 | Received a gift from Okawaru
 48672 | Vaults:4 | Received a gift from Okawaru
 48759 | Vaults:4 | Noticed a golden dragon
 48773 | Vaults:4 | Killed a golden dragon
 49696 | Elf:1    | Entered Level 1 of the Elven Halls
 50103 | Elf:1    | Found Oresoloq's Food Shoppe.
 50758 | Elf:1    | Identified Sif Muna's Grimoire of Calling
 51375 | Elf:2    | Found Avihaod's Jewellery Shop.
 51380 | Elf:2    | Bought the ring "Recimn" {MR+ Int+4 Slay+4} for 1584 gold pieces
 51380 | Elf:2    | Bought an uncursed amulet of resist mutation for 640 gold pieces
 51428 | Elf:2    | Reached skill level 15 in Armour
 51430 | Elf:2    | Found a runed door.
 51458 | Elf:2    | Found a runed door.
 51807 | Elf:2    | Reached skill level 10 in Dodging
 51913 | Elf:3    | Entered Level 3 of the Elven Halls
 52024 | Elf:3    | Received a gift from Okawaru
 52424 | Elf:3    | Found a portal to a secret trove of treasure.
 52609 | Elf:3    | Gained mutation: You are frail (-10% HP). [a neqoxec]
 52618 | Elf:3    | Reached XP level 22. HP: 204/204 MP: 26/26
 52681 | Elf:3    | Learned a level 1 spell: Summon Butterflies
 52789 | Elf:3    | Got a wavering platinum ring
 53493 | Elf:3    | Identified the ring "Pezot" {rPois EV+2 Int+5 Slay+2 Stlth+} (You took it off a deep elf blademaster on level 3 of the Elven Halls)
 53611 | Elf:3    | Identified the Volume of Attacks (You found it on level 3 of the Elven Halls)
 53633 | Elf:3    | Learned a level 3 spell: Regeneration
 53638 | Elf:3    | Identified a scroll of acquirement
 53667 | Elf:3    | Got a bound gossamer ring
 53668 | Elf:3    | Identified the ring of Puttiurch {Ice *Corrode +Inv rPois Dex+4} (You found it on level 3 of the Elven Halls)
 53678 | Elf:3    | Got a translucent ice dragon armour
 53679 | Elf:3    | Identified the +1 ice dragon armour of Jogur {*Drain rElec rF- rC++ rN+} (You found it on level 3 of the Elven Halls)
 54513 | Vaults:5 | Entered Level 5 of the Vaults
 54702 | Vaults:4 | Received a gift from Okawaru
 54871 | Vaults:4 | Reached skill level 15 in Shields
 54976 | Vaults:4 | Received a gift from Okawaru
 55098 | Vaults:5 | Received a gift from Okawaru
 55452 | Vaults:5 | Got a scorched ivory ring
 55453 | Vaults:5 | Identified the ring "Goec" {+Inv +Fly Int+3} (You found it on level 5 of the Vaults)
 55548 | Vaults:5 | Received a gift from Okawaru
 55571 | Vaults:5 | Noticed an ancient lich
 56120 | Vaults:5 | Killed an ancient lich
 56120 | Vaults:5 | Reached XP level 23. HP: 207/211 MP: 25/27
 56135 | Vaults:5 | Identified the Disquisition on Earthen Good Luck
 56198 | Vaults:5 | Received a gift from Okawaru
 56198 | Vaults:5 | Reached skill level 15 in Dodging
 56270 | Vaults:5 | Received a gift from Okawaru
 56432 | Vaults:5 | Identified a +5 rod of ignition (10/10) (You took it off a deep elf sorcerer on level 5 of the Vaults)
 57130 | Vaults:5 | Received a gift from Okawaru
 57187 | Vaults:5 | Identified Iskenderun's Disquisition on Attacks (You found it on level 5 of the Vaults)
 57673 | Depths:1 | Entered Level 1 of the Depths
 57905 | Depths:1 | Received a gift from Okawaru
 58307 | Depths:1 | Received a gift from Okawaru
 58358 | Depths:1 | Reached skill level 20 in Unarmed Combat
 58372 | Depths:1 | Received a gift from Okawaru
 58419 | Depths:1 | Got a fine cloak {god gift}
 58420 | Depths:1 | Identified the +0 cloak "Qichem" {rN+} (Okawaru gifted it to you on level 1 of the Depths)
 58517 | Depths:1 | Found a gateway to Hell.
 58521 | Hell     | Entered the Vestibule of Hell
 58521 | Hell     | Noticed Geryon
 58534 | Hell     | Killed Geryon
 59889 | Vaults:5 | Got a pitted marble ring
 59966 | Vaults:5 | Got a silver rune of Zot
 60177 | Vaults:5 | Identified Sif Muna's Tome of Summoning
 60464 | Vaults:1 | Reached XP level 24. HP: 225/225 MP: 27/27
 60654 | Hell     | Identified the cursed ring "Nenuif" {*Drain rC+++ MP+9 Int-4 SInv} (You took it off an ironheart preserver on level 5 of the Vaults)
 61651 | Depths:2 | Found a gateway to a ziggurat.
 61735 | Depths:2 | Noticed Sojobo
 61758 | Depths:2 | Killed Sojobo
 62027 | Depths:2 | Noticed Wiglaf
 62049 | Depths:2 | Killed Wiglaf
 62854 | Depths:2 | Received a gift from Okawaru
 63022 | Depths:2 | Reached skill level 21 in Unarmed Combat
 63936 | Depths:3 | Received a gift from Okawaru
 63968 | Depths:3 | Learned a level 2 spell: Song of Slaying
 63978 | Depths:3 | Learned a level 2 spell: Shroud of Golubria
 64234 | Depths:3 | Found a one-way gate leading to the halls of Pandemonium.
 64570 | Depths:4 | Found an iron altar of Okawaru.
 64988 | Depths:4 | Found a one-way gate to the infinite horrors of the Abyss.
 65553 | Depths:4 | Found Jack's Jerk-a-riffic Jerky.
 65615 | Depths:4 | Found Etine's Miraculous Elixirs.
 65749 | Depths:4 | Found a roughly hewn altar of Beogh.
 66215 | Depths:4 | Reached skill level 22 in Unarmed Combat
 66262 | Depths:4 | Reached XP level 25. HP: 238/238 MP: 27/27
 66406 | Depths:4 | Found The Legendary Quhuec's Legendary Smithy.
 66428 | Depths:4 | Found Kihuorgho's Slaves and Accessories.
 66554 | Depths:5 | Entered Level 5 of the Depths
 66970 | Depths:4 | Received a gift from Okawaru
 67439 | Depths:5 | Found a gate to the Realm of Zot.
 68199 | Depths:5 | Got a faintly glowing blowgun
 68200 | Depths:5 | Identified the +4 blowgun "Wasoukh" {evade, *Drain rF+ rN+ MP+9} (You took it off a draconian shifter on level 5 of the Depths)
 68778 | Depths:5 | Received a gift from Okawaru
 69492 | Hell     | Found a gateway to the freezing wastes of Cocytus.
 69572 | Hell     | Found a gateway to the decaying netherworld of Tartarus.
 69947 | Hell     | Reached skill level 23 in Unarmed Combat
 70152 | Hell     | Found a gateway to the Iron City of Dis.
 70213 | Hell     | Found a gateway to the ashen valley of Gehenna.
 70398 | Depths:4 | Voluntarily entered the Abyss.
 70502 | Abyss:1  | Reached XP level 26. HP: 240/246 MP: 27/28
 70647 | Abyss:2  | Found a bloodstained altar of Trog.
 70676 | Abyss:2  | Found a sacrificial altar of Ru.
 70710 | Abyss:3  | Got an abyssal rune of Zot
 71001 | Depths:4 | Escaped the Abyss
 71840 | Slime:1  | Entered Level 1 of the Pits of Slime
 71975 | Slime:3  | Received a gift from Okawaru
 72061 | Slime:5  | Reached skill level 10 in Evocations
 72092 | Slime:6  | Entered Level 6 of the Pits of Slime
 72358 | Slime:6  | Noticed the royal jelly
 72380 | Slime:6  | Killed the royal jelly
 72831 | Slime:6  | Identified Sif Muna's Disquisition on Envenoming
 72893 | Slime:6  | Got a clouded crystal amulet
 72922 | Slime:6  | Gained mutation: You occasionally shout uncontrollably at your foes. [a shining eye]
 72938 | Slime:6  | Got a slimy rune of Zot
 73683 | Hell     | Identified the amulet "Guask" {Stasis rPois rN+ Dex+2} (You found it on level 6 of the Pits of Slime)
 73963 | Pan      | Entered Pandemonium
 74009 | Pan      | Noticed Rofan the pandemonium lord
 74035 | Pan      | Received a gift from Okawaru
 74298 | Pan      | Found an exit through the horrors of the Abyss.
 74505 | Pan      | Noticed Det Bibb the pandemonium lord
 74519 | Pan      | HP: 6/246 [infernal black sun/a malign offering (18)]
 75769 | Pan      | Received a gift from Okawaru
 75814 | Pan      | Killed Det Bibb the pandemonium lord
 75840 | Depths:3 | Escaped Pandemonium
 76421 | Temple   | Fell from the grace of Okawaru
 76421 | Temple   | Became a worshipper of Makhleb the Destroyer
 76871 | Crypt:1  | Entered Level 1 of the Crypt
 76928 | Crypt:1  | Noticed Jory
 76944 | Crypt:1  | Killed Jory
 77206 | Crypt:2  | Acquired Makhleb's first power
 77352 | Crypt:2  | Reached XP level 27. HP: 253/253 MP: 32/32
 77507 | Crypt:1  | Acquired Makhleb's second power
 78447 | Crypt:3  | Entered Level 3 of the Crypt
 78612 | Crypt:3  | Noticed Saint Roka
 78656 | Crypt:3  | Killed Saint Roka
 78665 | Crypt:3  | Acquired Makhleb's third power
 79006 | Crypt:3  | Found a basalt altar of Yredelemnul.
 79434 | Crypt:3  | Reached skill level 15 in Evocations
 79597 | Crypt:3  | Acquired Makhleb's fourth power
 79795 | Crypt:3  | Found a staircase to the Tomb.
 80682 | Crypt:3  | Got a scorched lapis lazuli ring
 80699 | Crypt:3  | Got a faintly glowing crystal amulet
 80700 | Crypt:3  | Identified the amulet "Ciufow" {Inacc rF+} (You found it on level 3 of the Crypt)
 80702 | Crypt:3  | Identified the ring "Osugy" {+/*Tele MR+++ Str+2 Dex-4 Slay+3} (You found it on level 3 of the Crypt)
 80706 | Crypt:3  | Identified the Compendium of Assistive Stolen Souls (You found it on level 3 of the Crypt)
 80753 | Crypt:3  | Acquired Makhleb's fifth power
 81846 | Pan      | Entered Pandemonium
 81846 | Pan      | Found an exit through the horrors of the Abyss.
 82721 | Pan      | Reached skill level 24 in Unarmed Combat
 82941 | Pan      | Noticed Atsaotej the pandemonium lord
 82981 | Pan      | Killed Atsaotej the pandemonium lord
 83072 | Pan      | Found an exit through the horrors of the Abyss.
 83312 | Pan      | Was forgiven by Okawaru
 84297 | Pan      | Noticed Caas the pandemonium lord
 84318 | Pan      | Killed Caas the pandemonium lord
 84402 | Pan      | Found an exit through the horrors of the Abyss.
 84702 | Pan      | Got a demonic rune of Zot
 84899 | Pan      | Found a gateway to a ziggurat.
 85000 | Pan      | Noticed Jovvat the pandemonium lord
 85005 | Pan      | Killed Jovvat the pandemonium lord
 85272 | Pan      | Found an exit through the horrors of the Abyss.
 85882 | Zig:1    | Entered Level 1 of a ziggurat
 85909 | Zig:2    | Entered Level 2 of a ziggurat
 85969 | Zig:3    | Entered Level 3 of a ziggurat
 86040 | Zig:4    | Entered Level 4 of a ziggurat
 86108 | Zig:5    | Entered Level 5 of a ziggurat
 86168 | Zig:5    | Identified the Volume of Entrancing Dark Arts
 86194 | Zig:6    | Entered Level 6 of a ziggurat
 86252 | Zig:6    | Identified Ciefowow's Incunabulum of Displaced Aid
 86328 | Zig:7    | Entered Level 7 of a ziggurat
 86397 | Zig:8    | Entered Level 8 of a ziggurat
 86517 | Zig:8    | Learned a level 4 spell: Passage of Golubria
 86523 | Zig:8    | Learned a level 5 spell: Phase Shift
 86530 | Zig:8    | Learned a level 6 spell: Haste
 86570 | Zig:9    | Entered Level 9 of a ziggurat
 86804 | Zig:10   | Entered Level 10 of a ziggurat
 86823 | Zig:10   | Noticed an ancient lich
 86855 | Zig:10   | Killed an ancient lich
 86987 | Zig:11   | Entered Level 11 of a ziggurat
 87106 | Zig:11   | Reached skill level 25 in Unarmed Combat
 87274 | Zig:11   | Identified a +6 rod of ignition (9/9) (You found it on level 11 of a ziggurat)
 87302 | Zig:12   | Entered Level 12 of a ziggurat
 87329 | Zig:12   | Noticed Zakuix the pandemonium lord
 87348 | Zig:12   | Killed Zakuix the pandemonium lord
 87746 | Pan      | Took an exit into the Abyss.
 87746 | Abyss:1  | Escaped into the Abyss
 87849 | Depths:3 | Escaped the Abyss
 87982 | Pan      | Entered the realm of Cerebov.
 87982 | Pan      | Entered Pandemonium
 88306 | Pan      | Found an exit through the horrors of the Abyss.
 88692 | Pan      | Got a slimy golden amulet
 88696 | Pan      | Identified the amulet of Secrets {rCorr MP+9} (You found it in Pandemonium)
 88836 | Pan      | Identified Sif Muna's Guide on the Blistering Oath
 89080 | Pan      | Noticed Cerebov
 89102 | Pan      | Identified a +2 rod of the swarm (11/11) (You found it in Pandemonium)
 89181 | Pan      | HP: 10/261 [Cerebov/great serpentine sword {flame} (45)]
 89181 | Pan      | HP: 3/261 [Cerebov/great serpentine sword {flame} (7)]
 89500 | Pan      | Killed Cerebov
 89500 | Pan      | Reached skill level 26 in Unarmed Combat
 89674 | Pan      | Got a fiery rune of Zot
 89807 | Pan      | Noticed Jinneonouz the pandemonium lord
 89821 | Pan      | Killed Jinneonouz the pandemonium lord
 90422 | Pan      | Found an exit through the horrors of the Abyss.
 90458 | Pan      | Got a blackened fire dragon armour
 90459 | Pan      | Identified the +7 fire dragon armour of Royalty {rF++ rC- Slay+2} (You acquired it in Pandemonium)
 90591 | Pan      | Entered the realm of Gloorx Vloq.
 91104 | Pan      | Found an exit through the horrors of the Abyss.
 91642 | Pan      | Noticed Gloorx Vloq
 91662 | Pan      | Killed Gloorx Vloq
 91710 | Pan      | Got a dark rune of Zot
 92242 | Pan      | Found an exit through the horrors of the Abyss.
 92582 | Pan      | Noticed Nyshy the pandemonium lord
 92593 | Pan      | Killed Nyshy the pandemonium lord
 92752 | Pan      | Got an ancient marble ring
 92788 | Pan      | Identified the ring "Hik Padd" {+/*Tele rPois rC- rN+ Dex+8} (You found it in Pandemonium)
 93203 | Pan      | Noticed Ninumnode the pandemonium lord
 93232 | Pan      | Killed Ninumnode the pandemonium lord
 93530 | Pan      | Noticed Ruikhly the pandemonium lord
 93561 | Pan      | Killed Ruikhly the pandemonium lord
 93614 | Pan      | Entered the realm of Lom Lobon.
 93715 | Pan      | Reached skill level 15 in Throwing
 94020 | Pan      | Noticed Lom Lobon
 94043 | Pan      | HP: 2/266 [ball lightning[Lom Lobon] (13)]
 94049 | Pan      | HP: 6/266 [poisoned by a yellow draconian annihilator (poison arrow)]
 94350 | Pan      | Found an exit through the horrors of the Abyss.
 94707 | Pan      | Killed Lom Lobon
 94919 | Pan      | Got a magical rune of Zot
 95259 | Pan      | Found an exit through the horrors of the Abyss.
 95964 | Pan      | Got a scorched large shield
 95965 | Pan      | Identified the +0 large shield of Protective Custody {rElec rC+ Stlth+} (You took it off a daeva in Pandemonium)
 96005 | Pan      | Found a glowing silver altar of Zin.
 97068 | Pan      | Found a white marble altar of Elyvilon.
 97870 | Pan      | Got a sparkling steel ring
 98097 | Pan      | Noticed a seraph
 98116 | Pan      | Killed a seraph
 98159 | Pan      | Found a glowing golden altar of the Shining One.
 98205 | Depths:3 | Escaped Pandemonium
 98273 | Hell     | Identified the ring "Xaytit" {+Fly rPois rN+} (You took it off an angel in Pandemonium)
 98348 | Pan      | Entered Pandemonium
 98548 | Pan      | Found an exit through the horrors of the Abyss.
 98759 | Pan      | Noticed Ratasiw the pandemonium lord
 98771 | Pan      | Killed Ratasiw the pandemonium lord
 99140 | Pan      | Entered the realm of Mnoleg.
 99375 | Pan      | Found an exit through the horrors of the Abyss.
 99509 | Pan      | Gained mutation: You sometimes yell uncontrollably at your foes. [a neqoxec]
 99527 | Pan      | Lost mutation: You sometimes yell uncontrollably at your foes. [a neqoxec]
 99644 | Pan      | Noticed Mnoleg
 99663 | Pan      | Paralysed by a giant eyeball for 4 turns
 99677 | Pan      | Paralysed by a giant eyeball for 3 turns
100113 | Pan      | Paralysed by a giant eyeball for 4 turns
100182 | Pan      | Killed Mnoleg
100358 | Pan      | Got a glowing rune of Zot
100512 | Pan      | Took an exit into the Abyss.
100512 | Abyss:1  | Escaped into the Abyss
100593 | Depths:3 | Escaped the Abyss
100718 | Geh:1    | Entered Level 1 of Gehenna
100872 | Geh:3    | Found a basalt altar of Yredelemnul.
100970 | Geh:3    | You fall through a shaft!
100989 | Geh:7    | Entered Level 7 of Gehenna
101356 | Geh:7    | Gained mutation: You are clumsy. (Dex -2) [mutagenic glow]
101617 | Geh:7    | Gained mutation: You are very clumsy. (Dex -4) [mutagenic glow]
101653 | Geh:7    | Gained mutation: Scrolls take you a little longer to read. [mutagenic glow]
101750 | Geh:7    | Gained mutation: You are very frail (-20% HP). [mutagenic glow]
101756 | Geh:7    | Noticed Asmodeus
101774 | Geh:7    | Killed Asmodeus
101798 | Geh:7    | Got an obsidian rune of Zot
102535 | Dis:1    | Entered Level 1 of the Iron City of Dis
103066 | Dis:5    | Lost mutation: Scrolls take you a little longer to read. [potion of cure mutation]
103066 | Dis:5    | Lost mutation: You are very frail (-20% HP). [potion of cure mutation]
103066 | Dis:5    | Lost mutation: You are frail (-10% HP). [potion of cure mutation]
103066 | Dis:5    | Lost mutation: You are very clumsy. (Dex -4) [potion of cure mutation]
103445 | Dis:7    | Entered Level 7 of the Iron City of Dis
105194 | Dis:7    | Noticed Dispater
105237 | Dis:7    | Killed Dispater
105401 | Dis:7    | Got an iron rune of Zot
106414 | Elf:3    | You paid a toll of 11 potions of heal wounds to enter a treasure trove
106415 | Trove    | Entered a treasure trove
107111 | Tar:1    | Entered Level 1 of Tartarus
108035 | Tar:7    | Entered Level 7 of Tartarus
108054 | Tar:7    | Identified the Catalogue of Aerial Good Luck
108111 | Tar:7    | Learned a level 3 spell: Portal Projectile
108754 | Tar:7    | Reached skill level 1 in Translocations
108841 | Tar:7    | Noticed Ereshkigal
108890 | Tar:7    | Noticed an ancient lich
109505 | Tar:7    | Killed an ancient lich
109505 | Tar:7    | Reached skill level 5 in Translocations
109655 | Tar:7    | Killed Ereshkigal
109705 | Tar:7    | Got a bone rune of Zot
110209 | Tar:7    | Identified the Guide on Summoning
110217 | Tar:7    | Got a flickering marble ring
110337 | Tar:7    | Identified the Reference Book on Protection (You found it on level 7 of Tartarus)
110340 | Tar:7    | Identified the ring of Negium {+Inv rPois rF- rC+ MR+} (You found it on level 7 of Tartarus)
110418 | Tar:7    | Reached skill level 10 in Translocations
111500 | Tomb:1   | Entered Level 1 of the Tomb of the Ancients
115145 | Tomb:3   | Entered Level 3 of the Tomb of the Ancients
115212 | Tomb:3   | Noticed an ancient lich
115224 | Tomb:3   | Noticed an ancient lich
115365 | Tomb:2   | Killed an ancient lich
115405 | Tomb:2   | Killed an ancient lich
116225 | Tomb:3   | Identified a +2 rod of destruction (12/12) (You found it on level 3 of the Tomb of the Ancients)
116579 | Tomb:3   | Got a golden rune of Zot
116756 | Tomb:3   | Got a steaming lead ring
116760 | Tomb:3   | Identified the ring of the Invisible Hand {Int+10 Dex-2 Stlth+} (You found it on level 3 of the Tomb of the Ancients)
116765 | Tomb:3   | Identified Sorcery, Part Two (You found it on level 3 of the Tomb of the Ancients)
117641 | Coc:1    | Entered Level 1 of Cocytus
118387 | Coc:7    | Entered Level 7 of Cocytus
118606 | Coc:7    | Noticed the Serpent of Hell
118944 | Coc:7    | Killed the Serpent of Hell
119065 | Coc:7    | Gained mutation: You are dopey. (Int -2) [mutagenic glow]
119853 | Coc:7    | Noticed Antaeus
119889 | Coc:7    | Killed Antaeus
120038 | Coc:7    | Got an icy rune of Zot
120208 | Hell     | Upgraded the game from 0.17-a0-1497-g03599f7 to 0.17-a0-1504-gb7d9117
120521 | Zot:1    | Entered Level 1 of the Realm of Zot
123702 | Zot:5    | Entered Level 5 of the Realm of Zot
124013 | Zot:5    | Noticed an ancient lich
124020 | Zot:5    | Killed an ancient lich
124059 | Zot:5    | Noticed an ancient lich
124076 | Zot:5    | Killed an ancient lich
124297 | Zot:5    | Noticed an orb of fire
124317 | Zot:5    | Killed an orb of fire
124330 | Zot:5    | Noticed an orb of fire
124346 | Zot:5    | Killed an orb of fire
124363 | Zot:5    | Noticed an orb of fire
124376 | Zot:5    | Killed an orb of fire
124453 | Zot:5    | Noticed an orb of fire
124457 | Zot:5    | Noticed an orb of fire
124457 | Zot:5    | Gained mutation: You are weak. (Str -2) [an orb of fire]
124468 | Zot:5    | Killed an orb of fire
124472 | Zot:5    | Killed an orb of fire
124624 | Zot:5    | Noticed an ancient lich
124626 | Zot:5    | Noticed an orb of fire
124631 | Zot:5    | Killed an ancient lich
124648 | Zot:5    | Killed an orb of fire
125496 | Zig:1    | Entered Level 1 of a ziggurat
125519 | Zig:2    | Entered Level 2 of a ziggurat
125556 | Zig:2    | Got an ancient golden ring
125557 | Zig:2    | Identified the ring "Pyxegack" {rF+ Dex+7} (You found it on level 2 of a ziggurat)
125560 | Zig:3    | Entered Level 3 of a ziggurat
125589 | Zig:4    | Entered Level 4 of a ziggurat
125651 | Zig:5    | Entered Level 5 of a ziggurat
125701 | Zig:6    | Entered Level 6 of a ziggurat
125719 | Zig:6    | Paralysed by accursed screaming for 2 turns
125731 | Zig:6    | Paralysed by accursed screaming for 2 turns
125744 | Zig:6    | Paralysed by accursed screaming for 2 turns
125752 | Zig:6    | Paralysed by accursed screaming for 2 turns
125806 | Zig:7    | Entered Level 7 of a ziggurat
126081 | Zig:8    | Entered Level 8 of a ziggurat
126176 | Zig:9    | Entered Level 9 of a ziggurat
126401 | Zig:10   | Entered Level 10 of a ziggurat
126577 | Zig:10   | Got a heavily runed bone ring
126578 | Zig:10   | Identified the ring "Avash" {rF+ Int+3 SInv} (You found it on level 10 of a ziggurat)
126591 | Zig:11   | Entered Level 11 of a ziggurat
126761 | Zig:11   | Identified the Incunabulum of Unholy Augmentations
126764 | Zig:11   | Got a twitching bronze ring
126765 | Zig:11   | Identified the ring of the Kangaroo {+Fly rF+ Int+2} (You found it on level 11 of a ziggurat)
126794 | Zig:12   | Entered Level 12 of a ziggurat
126991 | Zig:13   | Entered Level 13 of a ziggurat
127196 | Zig:13   | Identified the Incunabulum of Displacement (You found it on level 13 of a ziggurat)
127202 | Zig:13   | Got a steaming steel ring
127203 | Zig:13   | Identified the ring "Toruuguf" {rF+ MR+} (You found it on level 13 of a ziggurat)
127206 | Zig:13   | Got a transparent tin ring
127207 | Zig:13   | Identified the ring "Iroot" {+Inv rF+ Int+2 SInv} (You found it on level 13 of a ziggurat)
127227 | Zig:14   | Entered Level 14 of a ziggurat
127238 | Zig:14   | Noticed Xyferpherch the pandemonium lord
127239 | Zig:14   | Noticed Detzameg the pandemonium lord
127239 | Zig:14   | Noticed Xaczuibb the pandemonium lord
127245 | Zig:14   | Noticed Luikkue Pask the pandemonium lord
127248 | Zig:14   | Noticed Geoteegu the pandemonium lord
127273 | Zig:14   | Killed Xaczuibb the pandemonium lord
127277 | Zig:14   | Killed Detzameg the pandemonium lord
127278 | Zig:14   | HP: 14/308 [disintegration[Geoteegu] (31)]
127279 | Zig:14   | Slain by a Killer Klown

Vault maps used:
D:1:      dpeg_arrival_water_temple_mockup, minmay_misc_feat_chi,
          minmay_shallow_snake_nest
D:2:      kennysheep_generic_room_15
D:3:      first_bread
D:4:      minmay_temple_entry_trees, portal_sewer_entry_d
D:5:      slow_altar_2, fedhas_altar_3
D:6:      gammafunk_temple_overflow_forgotten, uniq_menkaure
D:8:      kennysheep_housing_project, lemuel_doored_altar, dpeg_lair_monsters
D:9:      statuecave_lemuel, lemuel_crystal_altar, erik_orc_3
D:10:     grunt_pizzeria
D:12:     stair_cage_wide
D:13:     david_vaults_2, basic_altar
D:14:     lemuel_statue_altar, basic_altar, tgw_sif, uniq_snorg
D:15:     gammafunk_enter_depths_forms, minmay_misc_feat_diagonals
Temple:   eino_temple_water_12
Lair:1:   lemuel_fruit_tree
Lair:2:   serial_bayou_shore_a
Lair:3:   dummy_spider_entry, basic_altar, uniq_rupert
Lair:4:   elwin_shoals_entry_rocks
Lair:5:   minmay_snake_entry_guardpost_small, roderic_lost_polar_bear
Lair:7:   cheibrodos_magma_flow, minmay_slime_entry_oklob_enclosed
Lair:8:   due_jungle_book, patterned_corridor
Shoals:1: serial_shops, shop
Shoals:2: cheibrodos_shoals_oceanic_diplomacy, ldierk_geyser,
          nicolae_shoals_undead_eyrie
Shoals:3: nicolae_shoals_island_circles, abandoned_shop, uniq_polyphemus
Shoals:4: serial_shops, shop, shoals_end_hangedman, shoals_ilsuiw_alternative,
          uniq_jorgrun
Snake:1:  nrook_guardian_serpent_ordinary
Snake:2:  uniq_aizul
Snake:3:  grunt_ministairs_14, nicolae_snake_serpentine_hallways,
          grunt_megastairs_5, uniq_asterion
Snake:4:  snake_pit, uniq_mara, uniq_nikola
Slime:1:  nicolae_slime_ancient_tower_intersection
Slime:5:  cheibrodos_slime_lost_civilization_5
Orc:1:    uniq_nergalle
Orc:2:    uniq_sonja, uniq_harold, uniq_josephine
Orc:3:    nicolae_orc_pool_cavern, nicolae_orc_flooded_monolith
Orc:4:    st_orc_open, serial_shops, shop_statue, basic_altar
Elf:1:    minmay_elf_arrival_summoners, serial_shops, shop_statue,
          minmay_elf_demonology, hangedman_elven_ridges,
          kilobyte_mutagenic_chamber
Elf:2:    serial_shops, shop
Elf:3:    minmay_elf_hall_four_x, nicolae_trove_entry_columns, st_stairs_14
Vaults:1: v_misc_31, hangedman_vaults_capsules, v_alt_pattern_4,
          ontoclasm_vaults_pinch, vaults_dpeg_hooks, serial_shops, shop
Vaults:2: ontoclasm_vaults_claustrophobia, v_alt_pattern_4,
          nicolae_vaults_big_angled_halls, vaults_room_pools,
          minmay_crypt_entry_simple_plaza, dpeg_vaults_monster_doublerow,
          hangedman_vaults_restitches, ontoclasm_vaults_fault,
          vaults_room_corners, ontoclasm_vaults_loading_screen
Vaults:3: ontoclasm_vaults_shuriken, grunt_vaults_twisty,
          nicolae_vaults_big_angled_halls, nicolae_vaults_twisting_passages,
          hangedman_vaults_slither, hangedman_vaults_corner,
          ontoclasm_vaults_bender, st_hourglassy,
          vaults_mumra_minichess_inversion, v_pattern_4,
          ontoclasm_vaults_misaligned, vaults_dpeg_ring, serial_shops,
          nicolae_shop_waterfront, uniq_frederick, uniq_donald, uniq_mennas
Vaults:4: nicolae_vaults_branching_niches, nicolae_vaults_little_squares_6,
          vaults_standard_mumra_x, v_misc_28, v_misc_17,
          hangedman_vaults_restitches, nicolae_vaults_asterisk,
          vaults_dpeg_diagonal, ontoclasm_vaults_loading_screen,
          dpeg_vaults_monster_row, grunt_vaults_hallway_short
Vaults:5: serial_shops
Crypt:1:  grunt_crypt_arrival_split, grunt_megastairs_4, uniq_jory
Crypt:3:  evilmike_haunted_forest, uniq_saint_roka
Depths:1: grunt_hell_entry_dis_mu, kennysheep_potato
Depths:2: wad_mega_maze, enter_ziggurat_d, hex_medium, hell_entry,
          basic_stair_grate_trap, infiniplex_staircase_squiggle,
          serial_bayou_shore_b, uniq_sojobo, uniq_wiglaf
Depths:3: minmay_spriggan_fort, moated_statue, pan_entry, hell_entry
Depths:4: grated_community_mu, serial_co_window_serial, co_window_paths_b,
          co_window_paths_b, co_window_corner_a, co_window_paths_b,
          co_window_paths_a, co_window_of_opportunity_b, co_window_corner_b,
          co_window_2corner, co_window_paths_c, glass_columns_b,
          glass_columns_a, glass_columns_b, glass_columns_b, glass_columns_c,
          hell_entry, okawaru_ov_weapons_minmay, abyss_entry_crystal
Depths:5: lemuel_castle_with_subvaults, hell_entry, bh_walls_and_bars,
          abyss_entry, grunt_ministairs_6, hangedman_abyss_or_decor_lesser_grid
Dis:7:    dis_hangedman
Geh:2:    lemuel_elevator
Geh:3:    lemuel_hellish_altar
Geh:7:    geh_grunt
Coc:3:    door_vault
Coc:7:    coc_grunt
Tar:3:    hangedman_restless_catacombs, grunt_megastairs_2
Tar:5:    nicolae_tar_cuneiform_two
Tar:7:    tar_old
Zot:2:    lemuel_elevator
Abyss:2:  lemuel_flamethrower_2
Abyss:3:  minivault_27, abyss_rune_water_cross
Pan:      evilmike_mini_pan_diamond, pan_blood_fountain_small, grunt_pan_zigzag,
          pan_blood_fountain_small, grunt_pan_in_and_out,
          pan_blood_fountain_small, evilmike_mini_pan_pillars,
          evilmike_mini_pan_3x3, lemuel_hall_of_pain, nicolae_pan_sigil_obb,
          reaverb_pan_chaos_star, evilmike_mini_pan_corner,
          enter_ziggurat_pan_b, cerebov_st, evilmike_mini_pan_diamond,
          nicolae_pan_sigil_nadil, evilmike_mini_pan_pillars,
          pan_blood_fountain_small, gloorx_vloq_grunt, pan_blood_fountain,
          evilmike_mini_pan_branches, pan_blood_fountain_2, rand_demon_8,
          pan_blood_fountain_small, nicolae_pan_gloorx_vloqian_2,
          nicolae_pan_sigil_obb, evilmike_mini_pan_3x3,
          nicolae_pan_sick_transit, evilmike_mini_pan_doors,
          reaverb_pan_figure_eight, lom_lobon_grunt, pan_blood_fountain_2,
          nicolae_pan_gloorx_vloqian_1, rand_demon_5, pan_blood_fountain_small,
          pan_disco_hall, evilmike_holy_pan, evilmike_mini_pan_doors_b,
          pan_blood_fountain_small, evilmike_mini_pan_thingy,
          pan_blood_fountain, pan_surprise, nicolae_pan_cerebovesque_2,
          mnoleg_st, pan_blood_fountain
Zig:5:    ziggurat_pillar_centre_c, ziggurat_loot_3
Zig:8:    ziggurat_loot_3
Zig:10:   ziggurat_loot_2
Zig:12:   ziggurat_loot_2
Trove:    trove_wands_scrolls
Sewer:    sewer_sea

Action                   |  1- 3 |  4- 6 |  7- 9 | 10-12 | 13-15 | 16-18 | 19-21 | 22-24 | 25-27 || total
-------------------------+-------+-------+-------+-------+-------+-------+-------+-------+-------++-------
Melee: Unarmed           |   129 |   195 |   316 |   728 |  1611 |  1634 |  2231 |  2144 | 13914 || 22902
 Fire: Blowgun           |       |       |       |    38 |     1 |     4 |       |     2 |       ||    45
Throw: Stone             |       |       |    18 |    19 |       |       |       |       |       ||    37
       Large rock        |       |       |       |    17 |     1 |     4 |       |    22 |   226 ||   270
       Javelin           |       |       |       |    14 |       |     9 |    11 |    12 |    34 ||    80
       Tomahawk          |       |       |       |    14 |    49 |       |       |       |       ||    63
 Cast: Portal Projectile |       |       |       |       |       |       |       |       |    12 ||    12
Invok: Heroism           |       |       |       |     5 |     1 |     9 |     3 |     7 |     1 ||    26
       Finesse           |       |       |       |     1 |       |     5 |     1 |     2 |     3 ||    12
       Greater Servant o |       |       |       |       |       |       |       |       |     1 ||     1
 Abil: Evoke Blink       |       |       |       |       |     1 |     2 |       |     3 |     7 ||    13
       Evoke Flight      |       |       |       |       |       |     1 |       |       |    22 ||    23
Evoke: Wand              |       |       |     3 |       |       |       |       |     2 |    20 ||    25
       Phial of floods   |       |       |       |       |       |       |       |     1 |     2 ||     3
       Lamp of fire      |       |       |       |       |       |       |       |       |     3 ||     3
       Horn of Geryon    |       |       |       |       |       |       |       |       |     2 ||     2
       Fan of gales      |       |       |       |       |       |       |       |       |     1 ||     1
  Use: Scroll            |       |       |       |    21 |    13 |     3 |     7 |    19 |    52 ||   115
       Potion            |       |       |       |       |       |     1 |     1 |       |    16 ||    18
 Stab: Sleeping          |     2 |     1 |     4 |       |       |       |       |       |       ||     7
       Distracted        |       |       |       |       |       |       |     1 |     1 |     5 ||     7
       Paralysed         |       |       |       |       |       |       |     1 |       |       ||     1
       Confused          |       |       |       |       |       |       |       |       |     2 ||     2
  Eat: Chunk             |    17 |    16 |    37 |    72 |   143 |    92 |   107 |   117 |   430 ||  1031
       Fruit             |       |       |       |       |     3 |       |     7 |     6 |    15 ||    31
       Bread ration      |       |       |       |       |       |       |       |       |    10 ||    10
       Meat ration       |       |       |       |       |       |       |       |       |     8 ||     8
       Pizza             |       |       |       |       |       |       |       |       |     5 ||     5
       Royal jelly       |       |       |       |       |       |       |       |       |     2 ||     2
       Beef jerky        |       |       |       |       |       |       |       |       |     2 ||     2
